nsad, neutral female scurrid Tourist ---------- .......i@| |..*.....| .....<...| |........| ---------- nsad the Rambler Experience level: 1 Strength: 11 Dexterity: 13 Constitution: 14 Intelligence: 14 Wisdom: 7 Charisma: 16 Health: 0(12) Energy: 2(2) Def: 0 Gold: 373 Moves: 129 Dungeon seed: eYQovT4gEHyAU1b3 Game ID: nsad_1528522402 Your Inventory: Coins $ - 373 gold pieces Weapons a - 43 uncursed +2 darts (in quiver) Armor e - an uncursed +0 Hawaiian shirt (being worn) Comestibles b - 2 uncursed pancakes c - an uncursed egg d - an uncursed food ration g - an uncursed banana h - an uncursed chestnut i - 2 uncursed tripe rations j - an uncursed tin of lichen n - an uncursed carrot Scrolls l - a blessed scroll of magic mapping m - 3 uncursed scrolls of magic mapping Potions k - an uncursed potion of extra healing Wands p - an uncursed wand of secret door detection (0:12) Tools f - an uncursed expensive camera (0:37) o - an uncursed credit card q - an uncursed leash Spells and supernatural/magical abilities: Name Level Category Fail Memory W - pray for help -- divine ? -- Your skills at the end: Miscellaneous Skills wands [Basic] Weapon Skills dart [Basic] Spellcasting Skills Final Attributes: You were devoutly aligned. You had infravision. You were very stealthy. You are dead. Voluntary challenges: You went without food. You did not adorn yourself with jewelry or accessories. You did not cause conflict. You were not invisible. You did not have reflection. You were not displaced. You were an atheist. You never hit with a wielded weapon. You were a pacifist. You did not use containers. You did not apply a unicorn horn. You did not use plumbed fixtures. You were illiterate. You never genocided any monsters. You never polymorphed an object. You never changed form. You used no wishes. You never split a pudding. You never wrote Elbereth's name. You never violated your personal moral code. Dungeon overview: The Dungeons of Doom: levels 1 to 15 Level 1 a long staircase Level 2 Level 3 a general store Level 4 Level 5 Level 6 Level 7 Level 8 Level 9 Level 10 Level 11 Level 12 Level 13 Level 14 Level 15 <- You were here History has recorded: On T:1 you entered the Dungeons of Doom to retrieve the Amulet of Yendor! On T:11 you reached level 2 of The Dungeons of Doom. On T:17 you reached level 3 of The Dungeons of Doom. On T:23 you reached level 4 of The Dungeons of Doom. On T:29 you reached level 5 of The Dungeons of Doom. On T:36 you reached level 6 of The Dungeons of Doom. On T:43 you reached level 7 of The Dungeons of Doom. On T:49 you reached level 8 of The Dungeons of Doom. On T:51 you reached level 9 of The Dungeons of Doom. On T:57 you reached level 10 of The Dungeons of Doom. On T:63 you reached level 11 of The Dungeons of Doom. On T:70 you reached level 12 of The Dungeons of Doom. On T:109 you reached level 13 of The Dungeons of Doom. On T:116 you reached level 14 of The Dungeons of Doom. On T:123 you reached level 15 of The Dungeons of Doom. Score breakdown: Gold: 0 ( 0 points) Experience: 1 level ( 0 points) Exploration: 15 levels ( 420 points) Discoveries: 0 items ( 0 points) Variety of kills: 0 monsters ( 0 points) Major goal: (nothing yet) ( 0 points) Survival: died (score multiplied by 3) Total score: 1260 Latest messages: You dig a pit in the floor. You continue digging downward. (6x) You dig a hole through the floor. You fall through... You start digging downward. You continue digging downward. You dig a pit in the floor. You continue digging downward. (7x) You dig a hole through the floor. You fall through... You receive a faint telepathic message from Twoflower: Your help is urgently needed at Ankh-Morpork! Look for a ...ic transporter. You couldn't quite make out that last message. You start digging downward. You continue digging downward. You dig a pit in the floor. The tengu pecks! You continue digging downward. (2x) The tengu pecks! You continue digging downward. The tengu pecks! You die... Final status: Aloha nsad the Tourist, killed by a tengu... You died in The Dungeons of Doom on dungeon level 15 with 1260 points, and 373 pieces of gold, after 129 moves. You were level 1 with a maximum of 12 hit points when you died.